Map: Glittering Ashes LE

Players

MaxPax - Winner!

  • Race: Protoss Protoss

Cham

  • Race: Zerg Zerg
  • League: Master

Event: DreamHack SC2 Masters Last Chance 2022

VOD

Have the link to the VOD?

Description

Time

  • Played on: Dec. 19, 2021, 6:28 p.m.
  • Length: 7:22

All games in this series

Show
View Real Time Build Order
Export as new Build Order

MaxPax Protoss - Winner!

Build Orders: Proxy Void Ray 

Get SALT Encoding   

  12  0:00  Probe  
  13  0:12  Probe  
  14  0:19  Pylon  
  14  0:24  Probe  
  15  0:37  Probe (Chrono Boost)  
  15  0:38  Gateway  
  16  0:48  Probe (Chrono Boost)  
  17  0:53  Probe (Chrono Boost)  
  17  0:55  Forge  
  18  1:00  Assimilator  
  18  1:05  Probe  
  20  1:26  Cybernetics Core  
  20  1:32  Pylon  
  19  1:35  Probe  
  20  1:40  Pylon  
  20  1:42  Pylon  
  20  1:50  Photon Cannon  
  20  1:53  Pylon  
  20  1:57  Probe  
  20  2:00  Adept (Chrono Boost)  
  23  2:09  Probe  
  23  2:14  Assimilator  
  24  2:21  Probe  
  25  2:33  Probe  
  28  2:41  Stargate  
  27  2:45  Probe  
  27  2:46  Shield Battery  
  28  2:58  Nexus  
  26  3:05  Photon Cannon  
  26  3:08  Probe  
  27  3:16  Void Ray (Chrono Boost)  
  31  3:28  Pylon  
  31  3:35  Shield Battery  
  31  3:43  Void Ray (Chrono Boost)  
  31  3:54  Shield Battery  
  35  3:56  Probe  
  36  4:07  Photon Cannon  
  36  4:10  Void Ray (Chrono Boost)  
  36  4:20  Probe  
  41  4:35  Photon Cannon  
  41  4:39  Shield Battery  
  41  4:43  Pylon  
  41  4:45  Void Ray (Chrono Boost)  
  45  4:57  Pylon  
  45  5:10  Shield Battery  
  45  5:17  Shield Battery  
  45  5:19  Void Ray (Chrono Boost)  
  50  5:35  Shield Battery  
  45  5:36  Cybernetics Core  
  45  5:49  Void Ray (Chrono Boost)  
  49  6:00  Forge  
  49  6:01  Probe  
  48  6:16  Shield Battery  
  48  6:18  Shield Battery  
  48  6:23  Void Ray (Chrono Boost), Shield Battery  
  48  6:28  Pylon  
  52  6:35  Shield Battery  
  52  6:45  Shield Battery  
  52  6:48  Shield Battery  
  52  6:55  Photon Cannon  
  52  6:56  Probe  
Show
View Real Time Build Order
Export as new Build Order

Cham Zerg 

Build Orders: Hatch First 

Get SALT Encoding   

  12  0:00  Drone  
  13  0:12  Overlord  
  13  0:16  Drone  
  14  0:30  Drone  
  14  0:31  Drone  
  16  0:48  Hatchery  
  15  0:51  Drone  
  15  0:55  Drone  
  17  0:57  Drone  
  18  1:11  Spawning Pool  
  17  1:12  Extractor  
  17  1:15  Drone  
  17  1:20  Drone  
  18  1:29  Drone  
  19  1:38  Drone  
  21  2:02  Queen  
  21  2:03  Overlord, Extractor, Roach Warren  
  21  2:12  Hatchery  
  20  2:16  Zergling x2, Overlord  
  21  2:47  Roach x3  
  21  2:48  Queen  
  29  2:53  Metabolic Boost  
  28  3:02  Overlord  
  28  3:09  Roach  
  30  3:23  Queen  
  30  3:24  Roach  
  34  3:31  Overlord  
  34  3:35  Ravager x2  
  36  3:41  Zergling x4  
  38  3:50  Overlord  
  38  3:52  Ravager  
  39  4:03  Spore Crawler  
  39  4:04  Ravager  
  39  4:10  Queen  
  41  4:17  Spore Crawler  
  41  4:20  Spore Crawler  
  38  4:26  Zergling x2  
  38  4:27  Zergling x2  
  40  4:36  Roach  
  41  4:47  Drone  
  41  4:48  Roach  
  41  4:49  Roach  
  46  4:53  Zergling x2  
  47  5:02  Spore Crawler  
  46  5:11  Ravager  
  47  5:14  Zergling x2  
  47  5:15  Zergling x4  
  50  5:24  Ravager  
  50  5:27  Drone  
  52  5:31  Zergling x6  
  55  5:39  Zergling x2  
  56  5:46  Zergling x2  
  56  5:49  Drone  
  54  5:50  Ravager  
  51  5:57  Drone  
  51  5:58  Roach  
  50  6:11  Zergling x4  
  46  6:19  Spore Crawler  
  46  6:20  Queen  
  46  6:25  Zergling x2  
  47  6:27  Zergling x2  
  47  6:30  Zergling x2  
  47  6:36  Spore Crawler  
  45  6:44  Roach  
  47  6:50  Zergling x2  
  45  6:55  Zergling x4  
  44  7:11  Ravager  

Tags
 
Add a new tag
Caveats
  • Supply blocks, unpowered buildings, or Contaminate may cause inaccurate times.
  • Supply counts are checked every 10 seconds.